 Dungeon Crawl Stone Soup version 0.31-a0-542-gdc2a67831c (webtiles) character file.

Game seed: 10260569608798210995

23 mobinator the Trooper (level 3, 28/33 HPs)
             Began as a Hill Orc Fighter on Aug 14, 2023.
             Quit the game on level 1 of the Dungeon.
             The game lasted 00:02:48 (520 turns).

mobinator the Trooper (Hill Orc Fighter)             Turns: 520, Time: 00:02:49

Health: 28/33      AC:  6    Str: 20    XL:     3   Next: 0%
Magic:  3/3        EV:  9    Int:  8    God:
Gold:   14         SH:  4    Dex: 10    Spells: 2/2 levels left

rFire   . . .        a - +0 long sword
rCold   . . .        c - +0 buckler
rNeg    . . .        b - +0 scale mail
rPois   .            (no helmet)
rElec   .            (no cloak)
rCorr   .            (no gloves)
SInv    .            (no boots)
Will    .....        (no amulet) Stlth
                     (no ring)
HPRegen 0.25/turn    (no ring)
MPRegen 0.08/turn

%: no passive effects
@: no status effects
A: no striking features
a: no special abilities


You were on level 1 of the Dungeon.
You visited 1 branch of the dungeon, and saw 1 of its levels.

You collected 14 gold pieces.

Inventory:

Hand Weapons
 a - a +0 long sword (weapon)
Armour
 b - a +0 scale mail (worn)
 c - a +0 buckler (worn)
Scrolls
 e - 2 scrolls of identify {unknown}
Potions
 d - a potion of might


   Skills:
 + Level 4.0 Fighting
 + Level 2.6 Long Blades
 + Level 3.6 Armour
 + Level 3.6 Shields


You had 2 spell levels left.
You didn't know any spells.
Your spell library was empty.

Dungeon Overview and Level Annotations

Branches:
Dungeon (1/15)

Altars:


Message History

The giant cockroach bites you but does no damage.
You slash the giant cockroach!
You kill the giant cockroach!
You see here a giant cockroach corpse.
Found 5 gold pieces.
HP restored.
You now have 14 gold pieces (gained 5).
A kobold comes into view. It is wielding a +0 dagger.
The kobold hits you but does no damage.
You slash the kobold!
You kill the kobold!
Things that are here:
a +0 dagger; a kobold corpse Unknown command.
A rat comes into view.
You barely miss the rat. The rat bites you but does no damage.
You slash the rat!
You kill the rat!
No target in view!
A dart slug comes into view.
The dart slug launches a dart at you. The slug dart misses you.
You hit the dart slug.
The dart slug is moderately wounded.
The dart slug launches a dart at you. The slug dart misses you.
You hit the dart slug.
The dart slug is severely wounded.
The dart slug launches a dart at you. The slug dart hits you.
You hit the dart slug.
You kill the dart slug!
Your Fighting skill increases to level 4!
You have reached level 3!
Your experience leads to an increase in your attributes!
Increase (S)trength, (I)ntelligence, or (D)exterity?
You feel stronger. x2
Unknown command.
Okay, then.
Are you sure you want to abandon this character and quit the game? (Confirm with "yes".)

########
.......########### ###
######.).........##...
# #####.##.#...#.# #
#.##.......# #
#.####...### # #.#
##.## # #.# #.# # #.#
#@# ..# #.# #.# #..
###


There were no monsters in sight!

Vanquished Creatures
  A dart slug (D:1)
  2 bats (D:1)
  2 endoplasms (D:1)
  3 giant cockroaches (D:1)
  2 hobgoblins (D:1)
  3 quokkas (D:1)
  3 kobolds (D:1)
  4 rats (D:1)
20 creatures vanquished.

Notes
Turn   | Place    | Note
-------+----------+-------------------------------------------
     0 | D:1      | mobinator the Hill Orc Fighter began the quest for the Orb.
     0 | D:1      | Reached XP level 1. HP: 19/19 MP: 1/1
   266 | D:1      | Reached XP level 2. HP: 27/27 MP: 2/2
   520 | D:1      | Reached skill level 4 in Fighting
   520 | D:1      | Reached XP level 3. HP: 28/33 MP: 3/3
   520 | D:1      | Quit the game

Illustrated notes

Levels and vault maps discovered:
D:1:      nagdon_arrival_double_spiral, layout_loops_ring, serial_shops,
          nicolae_shop_crystal, hangedman_decor_opposing, minmay_cupped

Skill      XL: |  1  2 |
---------------+-------+-----
Fighting       | 4 |  4.0
Long Blades    | |  2.6
Armour         | |  3.6
Shields        | |  3.6

Action                     || total
---------------------------++-------
  Melee: Long sword        ||    72
 Armour: Scale mail        ||    33
  Dodge: Dodged            ||    30
  Block: Buckler           ||    25

Table legend: (Time is in decaauts)
 A = Elapsed time spent in this place.
 B = Non-inter-level travel time spent in this place.
 C = Inter-level travel time spent in this place.
 D = Time resting spent in this place.
 E = Time spent auto-exploring this place.
 F = Levels seen in this place.
 G = Mean time per level.
                   A        B        C        D        E       F      G
               +--------+--------+--------+--------+--------+-----+--------+
         Total |    542 |    388 |    154 |     73 |     96 |   1 |  542.0 |
       Dungeon |    542 |    388 |    154 |     73 |     96 |   1 |  542.0 |
               +--------+--------+--------+--------+--------+-----+--------+

Top non-repeatable levels by time:
     D:1: 542 daAuts
